 Dungeon Crawl Stone Soup version 0.30.1-4-g462c640d31 (webtiles) character file.

Game seed: 17232645123942449129

230 growler the Insei (level 6, -3/57 HPs)
             Began as an Octopode Transmuter on Aug 25, 2023.
             Was an Initiate of Wu Jian.
             Slain by a sky beast (6 damage)
             ... on level 4 of the Dungeon.
             The game lasted 00:08:08 (2799 turns).

growler the Insei (Octopode Transmuter)             Turns: 2799, Time: 00:08:09

Health: -3/57      AC: 23    Str:  9    XL:     6   Next: 3%
Magic:  10/10      EV:  2    Int: 16    God:    Wu Jian [......]
Gold:   241        SH:  0    Dex: 14    Spells: 1/11 levels left

rFire   . .          .
                       - Unarmed
rCold   . . .        (no shield)
rNeg    + . .        (helmet currently unavailable)
rPois   +            (no amulet)
rElec   .            c - ring of wizardry
rCorr   .            n - ring of positive energy
SInv    .            (no ring)
Will    .....        (no ring)
Stlth   +            (no ring)
HPRegen 0.29/turn    (no ring)
MPRegen 0.12/turn    (no ring)
                     (no ring)

%: wizardry (x1)
@: tree-form, studying Stealth
A: stationary, stasis, torment immunity, boosted hp, almost no armour,
(amphibious), 8 rings, (camouflage 1), (gelatinous body 1), (nimble swimmer 1),
(tentacles)
a: Renounce Religion


You were on level 4 of the Dungeon.
You worshipped Wu Jian.
Wu Jian was noncommittal.
You were a tree.
You visited 1 branch of the dungeon, and saw 4 of its levels.

You collected 241 gold pieces.

Inventory:

Jewellery
 c - a ring of wizardry (left branch)
 n - a ring of positive energy (right branch)
Wands
 m - a wand of roots (3)
Scrolls
 b - a scroll of torment {unknown}
 e - a scroll of fear
 i - 3 scrolls of teleportation
 j - a scroll of poison
 k - 2 scrolls of identify {unknown}
 l - a scroll of silence {unknown}
 o - a scroll of enchant weapon {unknown}
 p - a scroll of vulnerability {unknown}
Potions
 a - a potion of lignification
 d - a potion of brilliance {unknown}
 f - 4 potions of curing {unknown}
 g - a potion of resistance {unknown}
 h - 2 potions of attraction {unknown}
 q - a potion of degeneration {unknown}


   Skills:
 - Level 1.0 Fighting
 - Level 2.0 Dodging
 + Level 4.5 Unarmed Combat
 - Level 3.0 Spellcasting
 + Level 3.9 Transmutations
 - Level 2.0 Poison Magic


You had one spell level left.
You knew the following spells:

 Your Spells              Type           Power      Damage    Failure   Level
a - Beastly Appendage     Tmut           28%        N/A       1%          1
b - Wereblood             Tmut           14%        N/A       2%          2
c - Spider Form           Tmut/Pois      11%        N/A       7%          3
d - Ice Form              Ice/Tmut       8%         N/A       32%         4

Your spell library contained the following spells:

 Spells                   Type           Power      Damage    Failure   Level
 Apportation              Tloc           4%         N/A       8%          1
 Foxfire                  Conj/Fire      8%         2x1d4     8%          1
 Necrotise                Necr           8%         1d4       8%          1
 Summon Small Mammal      Summ           8%         N/A       8%          1
 Yara's Violent Unravell  Hex/Tmut       4%         3d4       65%         5
 Summon Mana Viper        Hex/Summ       2%         N/A       87%         5


Dungeon Overview and Level Annotations

Branches:
Dungeon (4/15)             Temple (0/1) D:4

Altars:
Kikubaaqudgha
Nemelex Xobeh
Trog
Vehumet
Wu Jian


Innate Abilities, Weirdness & Mutations

You are a tree.
Your roots penetrate the ground, keeping you stationary.
You cannot be teleported.
You are immune to unholy pain and torment.
Your maximum health is greatly increased.
You cannot wear most types of armour.
((You are amphibious.))
You can wear up to eight rings at the same time.
((Your skin changes colour to match your surroundings (Stealth+).))
((Your rubbery body absorbs attacks. (AC +1, EV +1)))
((You are camouflaged when in or above water. (Stealth+)))
((You have tentacles for arms and can constrict up to eight enemies at once.))


Message History

The sky beast is lightly wounded.
You tentacle-slap the sky beast but do no damage.
You pierce the sky beast.
Your squeeze misses the sky beast.
The sky beast is moderately wounded.
The sky beast closely misses you.
You barely miss the sky beast. Your squeeze misses the sky beast.
The sky beast is moderately wounded.
The sky beast hits you. The sky beast shocks you.
You tentacle-slap the sky beast.
You pierce the sky beast, but do no damage.
The sky beast is heavily wounded.
The sky beast flickers out of sight!
Deactivating autopickup; reactivate with Ctrl-A.
Something hits you.
* * * LOW HITPOINT WARNING * * *
Something shocks you.
* * * LOW HITPOINT WARNING * * *
Really quaff the potion of lignification?
Your tentacle spike disappears.
You turn into a tree.
Your roots penetrate the ground.
Something hits you but does no damage.
You cannot move.
You cannot move.
You cannot move.
You completely miss something. Something hits you but does no damage.
You barely miss something. Something hits you but does no damage.
You hit something. Something hits you but does no damage.
You closely miss something. Something hits you.
* * * LOW HITPOINT WARNING * * *
Something shocks you.
* * * LOW HITPOINT WARNING * * *
Aiming: Fastroot
Press: ? - help, Shift-Dir - straight line The roots erupt in riotous growth!
Something hits you but does no damage.
You closely miss something. You punch something.
Something hits you but does no damage.
You hit something. Something hits you.
* * * LOW HITPOINT WARNING * * *
Something shocks you.
You die...

###.....................
#...........##.####.##..
....###.###.##.# #.##..
.............(.# #.....
..#.###.....#### #.....
#<# #.###.# ##....
#.###.###.##### #####
+.)...........# #
###'#♣######### #
#...{.......# #
#...........# #
#...........# #
#...........# #
#...........#
#...........#
#...........#
#...........#


There were no monsters in sight!

Vanquished Creatures
  2 scorpions (D:4)
  A hound (D:4)
  An adder (D:4)
  A worm (D:2)
  A dart slug (D:1)
  3 orcs (D:3)
  5 ball pythons
  7 bats
  7 endoplasms
  A giant cockroach (D:3)
  8 goblins
  7 hobgoblins
  2 jackals (D:4)
  7 quokkas
  5 frilled lizards
  2 kobolds (D:3)
  3 rats
63 creatures vanquished.

Notes
Turn   | Place    | Note
-------+----------+-------------------------------------------
     0 | D:1      | growler the Octopode Transmuter began the quest for the
                  | Orb.
     0 | D:1      | Reached XP level 1. HP: 13/13 MP: 3/3
   119 | D:1      | Reached XP level 2. HP: 18/18 MP: 3/5
   492 | D:1      | Learned a level 2 spell: Wereblood
   777 | D:2      | Reached XP level 3. HP: 23/23 MP: 4/6
   782 | D:2      | Learned a level 3 spell: Spider Form
  1463 | D:3      | Found an ancient bone altar of Kikubaaqudgha.
  1468 | D:3      | Got Sot Gair's Compilation of Combative Anathema
  1753 | D:3      | Found an ornate altar of the Wu Jian Council.
  1763 | D:3      | Reached XP level 4. HP: 26/28 MP: 6/8
  1774 | D:3      | Became a worshipper of the Wu Jian Council
  1864 | D:3      | Found a sparkling altar of Nemelex Xobeh.
  2191 | D:4      | Noticed a scorpion
  2214 | D:4      | Killed a scorpion
  2215 | D:4      | Reached skill level 1 in Poison Magic
  2215 | D:4      | Reached XP level 5. HP: 30/33 MP: 4/9
  2220 | D:4      | Learned a level 4 spell: Ice Form
  2286 | D:4      | Noticed a sky beast
  2389 | D:4      | Reached skill level 4 in Unarmed Combat
  2493 | D:4      | Reached XP level 6. HP: 38/38 MP: 7/10
  2575 | D:4      | Found a staircase to the Ecumenical Temple.
  2732 | D:4      | Found a radiant altar of Vehumet.
  2732 | D:4      | Found a bloodstained altar of Trog.
  2799 | D:4      | Slain by a sky beast

Illustrated notes

Levels and vault maps discovered:
D:1:      wheals_arrival_shading, layout_rooms,
          wander_ebering_terrifying_dragon_lair
D:2:      layout_rooms
D:3:      layout_basic, nicolae_kikubaaqudgha_miasma_corner,
          nemelex_dance_club_becter, nicolae_wu_jian_wuxing_cycle,
          minmay_three_crescents
D:4:      layout_basic, gammafunk_temple_overflow_pools,
          minmay_temple_entry_hall

Skill      XL: |  1  2  3  4  5 |
---------------+----------------+-----
Spellcasting   | 3 |  3.0
Transmutations | 3 |  3.9
Poison Magic   | 1 2 |  2.0
Unarmed Combat | 4 |  4.5
Fighting       | |  1.0
Dodging        | |  2.0

Action                     |  1- 3 |  4- 6 || total
---------------------------+-------+-------++-------
  Melee: Unarmed           |    83 |    49 ||   132
         Constrict         |    27 |     5 ||    32
         Kick              |    23 |     9 ||    32
         Tentacles         |    15 |     7 ||    22
         Punch             |     4 |     1 ||     5
   Cast: Beastly Appendage |    30 |    11 ||    41
         Wereblood         |     1 |     1 ||     2
         Ice Form          |       |     1 ||     1
Ability: Lunge             |       |     9 ||     9
  Evoke: Wand              |       |     2 ||     2
    Use: Scroll            |       |     3 ||     3
         Potion            |       |     2 ||     2
   Stab: Sleeping          |     4 |     5 ||     9
 Armour: Skin              |     8 |     7 ||    15
  Dodge: Dodged            |    42 |    20 ||    62
